Map: Acid Plant LE

Players

dragonslayer

  • Race: Terran Terran
  • League: Platinum
  • Spawn Location: 5:00

llIllllIllll - Winner!

  • Race: Protoss Protoss
  • League: Master
  • Spawn Location: 11:00

VOD

Have the link to the VOD?

Description

Time

  • Played on: Oct. 7, 2018, 8:58 p.m.
  • Length: 17:06
Show
View Real Time Build Order
Export as new Build Order

dragonslayer Terran 

Build Orders:  

Get SALT Encoding   

  12  0:01  SCV  
  13  0:13  SCV  
  14  0:17  Supply Depot  
  14  0:25  SCV  
  15  0:28  Refinery  
  15  0:39  SCV  
  16  0:46  Barracks  
  16  0:51  SCV  
  17  1:03  SCV  
  18  1:10  Barracks  
  18  1:15  SCV  
  19  1:30  SCV  
  20  1:34  Factory  
  20  1:37  Marine  
  21  1:52  Engineering Bay  
  22  1:58  Refinery  
  22  2:05  Orbital Command  
  21  2:16  Supply Depot  
  21  2:18  Barracks Reactor  
  21  2:20  Barracks Tech Lab  
  21  2:33  SCV  
  21  2:35  Factory Reactor  
  22  2:43  Stimpack  
  22  2:51  Marine  
  23  2:55  Marine  
  23  2:56  Marine  
  25  3:09  Supply Depot  
  25  3:13  Starport  
  25  3:16  Widow Mine x2, SCV  
  30  3:23  Marine  
  31  3:27  Supply Depot  
  31  3:49  Marine x2  
  31  3:50  SCV  
  34  3:59  Command Center  
  34  4:03  Medivac  
  34  4:04  Marine  
  34  4:07  Factory Tech Lab  
  37  4:17  SCV  
  37  4:22  Supply Depot  
  36  4:40  Medivac  
  36  4:43  Marine  
  36  4:44  Medivac  
  41  4:49  Combat Shield  
  41  4:58  SCV  
  41  4:59  Engineering Bay, Marine  
  43  5:02  Marine  
  43  5:04  Liberator  
  44  5:10  Marine  
  45  5:14  Orbital Command  
  45  5:17  Marine  
  49  5:29  Marine  
  49  5:30  Marine  
  43  5:51  SCV x2  
  43  5:53  Marine x2  
  45  6:01  Marine  
  45  6:03  SCV, Barracks  
  47  6:04  Barracks  
  47  6:05  SCV  
  47  6:10  Marine  
  49  6:16  Liberator  
  49  6:18  Terran Infantry Weapons Level 1  
  49  6:27  Marine x2  
  49  6:31  SCV x2  
  55  6:54  SCV x2  
  57  6:55  Barracks Reactor x2  
  54  7:21  SCV x2, Marine  
  54  7:22  Marine  
  57  7:36  Marine x3  
  57  7:41  SCV x2, Marine x2  
  57  7:42  Marine  
  62  7:46  Supply Depot  
  62  7:47  Supply Depot  
  62  8:02  Command Center  
  62  8:07  Widow Mine  
  62  8:08  SCV x2  
  62  8:09  Marine x3  
  62  8:10  Marauder, Marine x3  
  74  8:19  Refinery x2  
  74  8:20  SCV  
  75  8:27  Marine  
  75  8:28  Viking x2  
  75  8:29  Widow Mine  
  75  8:32  Marauder  
  84  8:43  SCV x2  
  84  8:46  Terran Infantry Armor Level 1  
  86  8:57  Supply Depot  
  86  9:00  Supply Depot  
  86  9:11  Supply Depot  
  86  9:13  Viking, Supply Depot, SCV x2, Marine x5  
  95  9:17  Marine x2  
  97  9:24  Armory  
  97  9:25  SCV x2  
  97  9:26  Orbital Command  
  97  9:31  Marine x2  
  99  9:36  Marine x4  
  99  9:38  SCV x2  
  107  9:47  Viking x2  
  108  10:28  Marine x4  
  108  10:29  Marine x3  
  102  10:46  Marine  
  98  10:55  SCV x3  
  92  11:04  Marine x2  
  92  11:05  Marine x2  
  92  11:06  Viking x2  
  102  11:11  Widow Mine  
  102  11:12  Marauder  
  102  11:13  Marine x2  
  108  11:32  Widow Mine  
  108  11:34  Marauder  
  108  11:36  Viking x2, Marine x4  
  93  12:21  Marine x6  
  93  12:22  Marine  
  93  12:29  SCV x2  
  91  12:38  Marine  
  91  12:39  Marine x5  
  91  12:41  SCV  
  98  12:46  Command Center  
  98  12:51  Viking  
  98  12:52  Viking  
  102  13:05  Terran Infantry Weapons Level 2  
  102  13:07  Terran Ship Weapons Level 1  
  102  13:13  Fusion Core  
  102  13:25  Marine x6  
  102  13:26  Marine  
  109  13:30  Viking x2  
  113  13:35  Command Center  
  113  13:36  SCV  
  113  13:37  SCV  
  113  13:39  Refinery  
  115  13:42  Marine  
  116  13:49  Starport, SCV x2  
  118  14:04  Orbital Command  
  118  14:07  SCV x2  
  118  14:08  Marine x2  
  118  14:09  Marine x5, Refinery x2  
  127  14:11  Viking x2  
  98  14:26  Marine x2  
  98  14:27  Marine x2  
  92  14:31  Marine  
  92  14:32  Marine x2  
  89  14:44  Marine x2  
  77  14:54  Starport  
  77  14:55  Barracks x2  
  77  14:57  Barracks  
  77  14:58  Starport  
  56  15:27  Fusion Core  
  55  15:50  Starport Tech Lab  
  55  15:51  Starport Tech Lab  
  55  15:58  Refinery, Command Center  
  37  16:24  Refinery  
  49  16:33  Factory  
  49  16:36  Barracks Reactor x2  
  49  16:37  Marine x5  
Show
View Real Time Build Order
Export as new Build Order

llIllllIllll Protoss - Winner!

Build Orders: Oracle Opening 

Get SALT Encoding   

  12  0:00  Probe  
  13  0:12  Probe  
  14  0:25  Probe  
  15  0:30  Pylon  
  15  0:48  Probe  
  16  0:52  Gateway  
  16  1:01  Probe  
  17  1:09  Assimilator  
  17  1:13  Assimilator, Probe  
  18  1:25  Probe  
  19  1:37  Probe  
  20  1:47  Probe  
  20  1:51  Cybernetics Core  
  20  1:53  Zealot  
  23  1:54  Pylon  
  23  2:10  Probe  
  23  2:14  Pylon  
  24  2:22  Probe  
  25  2:27  Stalker  
  27  2:33  Pylon  
  27  2:40  Stargate, Probe  
  28  2:52  Probe  
  28  2:55  Pylon  
  28  2:57  Stalker  
  31  3:13  Nexus  
  31  3:16  Oracle  
  31  3:17  Probe  
  32  3:22  Pylon  
  35  3:34  Stalker  
  35  3:39  Probe  
  38  3:54  Oracle  
  41  4:04  Stalker  
  41  4:07  Pylon, Probe  
  44  4:20  Probe  
  43  4:30  Probe  
  43  4:31  Oracle  
  44  4:37  Forge  
  44  4:42  Assimilator  
  44  4:43  Probe  
  45  4:45  Assimilator  
  45  4:54  Probe  
  45  4:58  Probe  
  46  5:02  Probe  
  46  5:03  Pylon  
  46  5:06  Probe  
  48  5:10  Probe  
  48  5:11  Fleet Beacon  
  50  5:15  Pylon  
  50  5:17  Pylon  
  47  6:01  Photon Cannon  
  47  6:04  Tempest  
  47  6:10  Probe  
  54  6:14  Photon Cannon  
  54  6:17  Probe  
  55  6:22  Probe  
  56  6:29  Probe  
  56  6:31  Stalker  
  59  6:34  Probe  
  60  6:41  Probe  
  60  6:46  Probe  
  61  6:47  Tempest  
  62  7:28  Photon Cannon  
  62  7:41  Tempest  
  62  7:42  Probe  
  69  7:48  Robotics Facility  
  69  7:54  Probe  
  71  7:58  Probe  
  71  7:59  Nexus  
  71  8:01  Pylon  
  71  8:08  Probe  
  71  8:10  Probe  
  73  8:13  Photon Cannon  
  73  8:16  Photon Cannon  
  73  8:19  Stalker  
  75  8:20  Gateway, Probe  
  75  8:21  Gateway  
  75  8:22  Probe  
  75  8:23  Gateway  
  77  8:33  Probe  
  78  8:34  Probe  
  78  8:35  Tempest  
  79  8:44  Probe  
  79  8:45  Robotics Bay  
  83  9:12  Stalker x3  
  83  9:14  Colossus  
  83  9:15  Twilight Council  
  89  9:17  Pylon  
  89  9:21  Pylon  
  89  9:26  Pylon  
  89  9:27  Pylon  
  89  9:29  Stalker  
  97  9:52  Pylon  
  97  9:53  Extended Thermal Lance  
  97  10:08  Colossus  
  97  10:09  Tempest  
  109  10:18  Templar Archives  
  109  11:10  Colossus  
  121  11:11  Psionic Storm  
  121  11:15  High Templar  
  117  11:19  High Templar  
  115  12:01  High Templar x3  
  117  12:18  High Templar  
  119  12:55  Pylon  
  119  12:56  High Templar  
  121  13:02  Nexus  
  121  13:03  Assimilator  
  121  13:07  Pylon, Assimilator  
  121  13:12  Assimilator, Zealot x2  
  125  13:13  Pylon, Zealot  
  125  13:16  Pylon  
  125  13:18  Pylon  
  126  13:36  Zealot  
  126  13:39  Zealot x2  
  126  13:40  Zealot  
  134  14:02  Stalker  
  134  14:06  Stalker x2  
  134  14:07  Stalker  
  142  14:32  Stalker  
  142  14:36  Stalker x2  
  142  14:37  Stalker  
  147  15:02  Stalker  
  147  15:06  Stalker  
  143  15:49  Pylon  
  143  15:50  Pylon  
  143  15:52  Pylon  
  143  15:54  Nexus  
  143  15:55  Pylon x2  
  143  15:56  Pylon  
  141  15:58  Pylon  
  139  16:08  Stalker  
  139  16:09  Stalker  
  151  16:22  Nexus  
  151  16:24  Pylon  
  151  16:25  Photon Cannon  
  151  16:26  Pylon  
  151  16:27  Photon Cannon  
  151  16:29  Pylon, Photon Cannon  
  151  16:31  Photon Cannon  
  151  16:34  Assimilator  
  151  16:38  Assimilator  
Tags
 
Add a new tag
Caveats
  • Supply blocks, unpowered buildings, or Contaminate may cause inaccurate times.
  • Supply counts are checked every 10 seconds.